 Dungeon Crawl Stone Soup version 0.27-a0-1189-gb8eb6cee8e (webtiles) character file.

Game seed: 14910512471390608867

116 ZappyNine the Covert (level 5, -1/32 HPs)
             Began as a Kobold Delver on May 22, 2021.
             Slain by an orc priest
             ... wielding a +0 whip
              (5 damage)
             ... on level 3 of the Dungeon.
             The game lasted 00:01:41 (312 turns).

ZappyNine the Covert (Kobold Delver)                 Turns: 312, Time: 00:01:41

Health: -1/32      AC:  3    Str: 10    XL:     5   Next: 21%
Magic:  5/5        EV: 14    Int: 11    God:
Gold:   10         SH:  0    Dex: 17    Spells: 4/4 levels left

rFire    . . .     SeeInvis .   i - +1 short sword (elec)
rCold    . . .     Faith    .   (shield restricted)
rNeg     . . .     Spirit   .   b - +0 leather armour
rPois    .         Reflect  .   (no helmet)
rElec    .         Harm     .   (no cloak)
rCorr    .         Rampage  .   (no gloves)
Will     .....                  (no boots)
Stlth    +++++.....             (no amulet)
HPRegen  0.10/turn              (no ring)
MPRegen  0.09/turn              (no ring)

@: no status effects
A: small, no large weapons, nightstalker 3
a: no special abilities


You were on level 3 of the Dungeon.
You visited 1 branch of the dungeon, and saw 3 of its levels.

You collected 10 gold pieces.

Inventory:

Hand Weapons
 a - a +0 short sword
 i - a +1 short sword of electrocution (weapon)
Armour
 b - a +0 leather armour (worn)
Scrolls
 c - a scroll of fog
 d - a scroll of enchant armour {unknown}
 e - a scroll of fear
 h - a scroll of vulnerability {unknown}


   Skills:
 - Level 3.2 Fighting
 - Level 2.6 Short Blades
 - Level 2.4 Dodging
 + Level 9.4 Stealth


You had 4 spell levels left.
You didn't know any spells.
Your spell library was empty.

Dungeon Overview and Level Annotations

Branches:
Dungeon (5/15)
 Temple: D:4-7

Altars:


Innate Abilities, Weirdness & Mutations

You are small and have problems with some larger weapons.
You are completely attuned to the shadows.


Message History

A rock wall.
The rock shatters into small pieces.
The now-empty wand crumbles to dust.
The orc hits you with a +0 dagger.
You hit the orc.
The orc is heavily wounded.
The orc hits you with a +0 dagger.
You hit the orc.
The orc is almost dead.
The orc hits you with a +0 dagger.
You hit the orc.
You kill the orc!
You hit the orc but do no damage. The hound closely misses you.
The orc barely misses you. The hound barely misses you.
You hit the hound but do no damage. The hound misses you.
The orc hits you with a +0 whip.
You hit the orc. Lightning courses through the orc!
You kill the orc!
The hound misses you. x2
You hit the hound.
The hound is lightly wounded.
The orc priest hits you but does no damage.
The hound bites you.
You hit the hound but do no damage.
The hound is lightly wounded.
The hound completely misses you.
The orc priest calls down the wrath of Beogh upon you.
Pain shoots through your body!
* * * LOW HITPOINT WARNING * * *
The hound barely misses you.
You aren't carrying any potions.
You closely miss the orc priest. The orc priest barely misses you.
The hound misses you.
You hit the orc priest.
The orc priest is lightly wounded.
The hound bites you but does no damage. The orc priest misses you.
The hound misses you.
You hit the orc priest.
The orc priest is moderately wounded.
The orc priest hits you with a +0 whip.
You die...

## ### #.# ##h##
#.###.#@# ###
##.#h###o##.#
#.)oo.......#
#.########..# #.#
#.# #h#########.#
#####.##........##
......o..........#
.........o.......#


You could see a hound and an orc priest.

Vanquished Creatures
  A centaur (D:5)
  An orc priest (D:3)
  4 orcs (D:3)
  2 jackals (D:3)
8 creatures vanquished.

Notes
Turn   | Place    | Note
-------+----------+-------------------------------------------
     0 | D:5      | ZappyNine the Kobold Delver began the quest for the Orb.
     0 | D:5      | Reached XP level 1. HP: 14/14 MP: 1/1
    31 | D:5      | Noticed a centaur
    42 | D:5      | Killed a centaur
    43 | D:5      | Reached skill level 8 in Stealth
    43 | D:5      | Reached XP level 2. HP: 15/19 MP: 2/2
    43 | D:5      | Reached XP level 3. HP: 19/23 MP: 3/3
    43 | D:5      | Reached XP level 4. HP: 23/28 MP: 4/4
   126 | D:3      | Reached skill level 9 in Stealth
   129 | D:3      | Reached XP level 5. HP: 21/32 MP: 5/5
   312 | D:3      | Slain by an orc priest

Illustrated notes

Levels and vault maps discovered:
D:3:      layout_basic, kennysheep_ying_yang, lemuel_tele_altar,
          biasface_ghost_orc_armoury
D:4:      layout_loops_corners, portal_sewer_entry_d, lexackson_kobold_supper
D:5:      cheibrodos_thug_alley, layout_basic, minmay_temple_entry_nine_rooms

Skill      XL: |  1  2  3  4 |
---------------+-------------+-----
Stealth        | 8 9 |  9.4
Fighting       | |  3.2
Short Blades   | |  2.6
Dodging        | |  2.4

Action                   |  1- 3 |  4- 6 || total
-------------------------+-------+-------++-------
Melee: Short sword       |     4 |    26 ||    30
Evoke: Wand              |       |     3 ||     3
  Use: Scroll            |       |     1 ||     1
       Potion            |       |     1 ||     1
 Stab: Sleeping          |     1 |       ||     1
Armor: Leather armour    |     1 |     5 ||     6
Dodge: Dodged            |     5 |    25 ||    30

Table legend: (Time is in decaauts)
 A = Elapsed time spent in this place.
 B = Non-inter-level travel time spent in this place.
 C = Inter-level travel time spent in this place.
 D = Time resting spent in this place.
 E = Time spent auto-exploring this place.
 F = Levels seen in this place.
 G = Mean time per level.
                   A        B        C        D        E       F      G
               +--------+--------+--------+--------+--------+-----+--------+
         Total |    291 |    291 |      0 |    100 |     30 |   3 |   97.0 |
       Dungeon |    291 |    291 |      0 |    100 |     30 |   3 |   97.0 |
               +--------+--------+--------+--------+--------+-----+--------+

Top non-repeatable levels by time:
     D:3: 201 daAuts
     D:5: 52 daAuts
     D:4: 37 daAuts
